[Event "ICC tourney 2667 (40 10)"]
[Site "Internet Chess Club"]
[Date "2021.09.11"]
[Round "3"]
[White "Wang, Eigen:eigenator"]
[Black "Gao, Marvin:kaiclc"]
[Result "0-1"]
[ICCResult "White resigns"]
[WhiteElo "2285"]
[BlackElo "1939"]
[Opening "Sicilian: Nimzovich-Rossolimo attack (with ...g6, without ...d6)"]
[ECO "B31"]
[NIC "SI.31"]
[Time "15:30:17"]
[TimeControl "2400+10"]

1. e4 c5 2. Nf3 Nc6 3. Bb5 g6 4. O-O Bg7 5. Re1 e5 6. d3 Nge7 7. Be3 d6 8.
b4 cxb4 9. a3 O-O 10. axb4 Nxb4 11. Nbd2 Nbc6 12. Nc4 Be6 13. Ng5 d5 14.
exd5 Qxd5 15. Nxe6 Qxe6 16. Na5 e4 17. Nxb7 Bxa1 18. Qxa1 Qe5 19. Qxe5 Nxe5
20. Bc5 Rfb8 21. Ba6 Nd5 22. Bd6 Re8 23. dxe4 Nb6 24. Bb4 Nc6 25. Bc3 Re7
26. Nc5 Rc7 27. Bd3 Re8 28. f4 a5 29. Rb1 Nc8 30. g3 N8e7 31. Na6 Ra7 32.
Rb6 Rc8 33. Bf6 a4 34. Bc4 Nd8 35. Ba2 Rc6 36. Rb8 Rxf6 37. Rxd8+ Kg7 38.
Nb4 Rb7 39. c3 Nc6 40. e5 Nxd8 41. exf6+ Kxf6 42. Kf2 Nc6 43. Nd3 Na5 44.
Ke3 Nb3 45. g4 Rc7 46. g5+ Kg7 47. Bxb3 axb3 48. Kd2 Rd7 49. c4 b2 50. Kc2
Rxd3 51. Kxb2 f6 {White resigns} 0-1

[Event "ICC tourney 2667 (40 10)"]
[Site "Internet Chess Club"]
[Date "2021.09.11"]
[Round "3"]
[White "LING, CHENXUAN:UnicornMM"]
[Black "SLADE, THEODORE LUKE:MrNormalName"]
[Result "0-1"]
[ICCResult "White checkmated"]
[WhiteElo "1626"]
[BlackElo "2100"]
[Opening "Queen's pawn game, Rubinstein (Colle-Zukertort) variation"]
[ECO "D05"]
[NIC "QP.06"]
[Time "15:31:11"]
[TimeControl "2400+10"]

1. d4 Nf6 2. Nf3 d5 3. e3 e6 4. Bd3 c5 5. b3 Nc6 6. Bb2 Bd6 7. Nbd2 O-O 8.
O-O Qe7 9. Ne5 Qc7 10. Nxc6 bxc6 11. dxc5 Bxh2+ 12. Kh1 Be5 13. Bxe5 Qxe5
14. Qe2 Qg5 15. f4 Qh6+ 16. Kg1 e5 17. fxe5 Ng4 18. Nf3 Re8 19. Rae1 Nxe5
20. Nxe5 Rxe5 21. Qf3 Be6 22. Qf4 Qg5 23. Qxg5 Rxg5 24. b4 a5 25. a3 f6 26.
e4 d4 27. Rd1 Rb8 28. Rb1 Ba2 29. Rb2 Bf7 30. Be2 Rxc5 31. Rd1 Re5 32. Rxd4
c5 33. Rd6 cxb4 34. axb4 Rxe4 35. c3 Re3 36. Bd3 Re1+ 37. Kf2 Rc1 38. Bc2
Bg6 39. Bb3+ Kf8 40. bxa5 Rxc3 41. Rb6 Rxb6 42. axb6 Be4 43. Be6 Bb7 44. Bg4
Rc4 45. Be2 Rc8 46. Bg4 Rb8 47. g3 g6 48. Ke3 f5 49. Be2 Ke7 50. Kd4 Kd6 51.
Bb5 Be4 52. Ba6 Kc6 53. Bb5+ Kb7 54. Bc4 Rc8 55. Rh2 h5 56. Bf7 Rc6 57. Rb2
Rf6 58. Bd5+ Bxd5 59. Kxd5 Rxb6 60. Re2 Kc7 61. Re7+ Kd8 62. Re3 Kd7 63. Ra3
Ke7 64. Ke5 Re6+ 65. Kf4 Kf6 66. Ra8 g5+ 67. Kf3 g4+ 68. Kf2 Kg5 69. Rg8+
Rg6 70. Rf8 h4 71. gxh4+ Kf4 72. Ra8 g3+ 73. Kg2 Kg4 74. Ra4+ f4 75. Kf1 Rh6
76. Kg1 Rxh4 77. Ra8 Rh2 78. Rg8+ Kf3 79. Ra8 Re2 80. Ra3+ Re3 81. Ra2 Re1#
{White checkmated}
0-1

[Event "ICC tourney 2667 (40 10)"]
[Site "Internet Chess Club"]
[Date "2021.09.11"]
[Round "3"]
[White "PARKER, MICHAEL WAYNE:BobbyFissure"]
[Black "CHUBAKOV, SULTAN:schubakov"]
[Result "0-1"]
[ICCResult "White checkmated"]
[WhiteElo "1426"]
[BlackElo "2100"]
[Opening "Benko's opening"]
[ECO "A00"]
[NIC "VO.09"]
[Time "15:30:19"]
[TimeControl "2400+10"]

1. g3 d5 2. Bg2 Nf6 3. Nf3 c5 4. O-O Nc6 5. d4 e6 6. Nc3 Be7 7. e3 O-O 8.
Ne5 Nd7 9. Nxd7 Bxd7 10. Ne2 Qb6 11. c3 Rfd8 12. Nf4 Be8 13. Qf3 a5 14. Bh3
Nb8 15. Nh5 Nd7 16. Qg4 Bf8 17. e4 dxe4 18. dxc5 Qxc5 19. Be3 f5 20. Bxc5
fxg4 21. Bxf8 Bxh5 22. Bg2 Kxf8 23. Bxe4 Nf6 24. f3 Nxe4 25. fxe4+ Ke7 26.
Rf2 Bg6 27. Rf4 h5 28. e5 Rd2 29. Rd4 Rd8 30. Rxd8 Kxd8 31. b4 axb4 32. cxb4
Bc2 33. a4 Rd1+ 34. Rxd1+ Bxd1 35. a5 Ba4 36. Kf2 Kc7 37. Ke3 g5 38. Kd4 Kc6
39. Kc4 Bb5+ 40. Kd4 Bf1 41. Kc3 Kd5 42. Kb3 Kxe5 43. Ka4 Kd5 44. b5 e5 45.
a6 bxa6 46. b6 Kc6 47. Ka5 e4 48. Kb4 Kxb6 49. Kc3 e3 50. Kc2 a5 51. Kd1 a4
52. Ke1 e2 53. Kf2 a3 54. Ke1 a2 55. Kf2 a1=Q 56. Ke3 e1=Q# {White
checkmated} 0-1

[Event "ICC tourney 2667 (40 10)"]
[Site "Internet Chess Club"]
[Date "2021.09.11"]
[Round "3"]
[White "Belous, Vladimir:Openyagami"]
[Black "Chakrabarti, Brejesh:Kochi222"]
[Result "1-0"]
[ICCResult "Black checkmated"]
[WhiteElo "2540"]
[BlackElo "2006"]
[Opening "English: symmetrical, four knights system"]
[ECO "A30"]
[NIC "EO.64"]
[Time "15:30:16"]
[TimeControl "2400+10"]

1. c4 c5 2. Nf3 Nf6 3. Nc3 Nc6 4. g3 e6 5. Bg2 Be7 6. O-O O-O 7. d4 d5 8.
dxc5 dxc4 9. Qa4 Bxc5 10. Qxc4 Be7 11. Rd1 Qb6 12. Qb5 Bc5 13. Qxb6 Bxb6 14.
Na4 Bc7 15. Bg5 Nd5 16. Rac1 f6 17. Bd2 Rb8 18. b4 a6 19. a3 Kf7 20. h4 Rd8
21. Nc5 Bb6 22. Nxa6 bxa6 23. Rxc6 Bd7 24. Rcc1 Ba4 25. Re1 Nc7 26. e4 Nb5
27. e5 Nxa3 28. exf6 gxf6 29. Bh3 e5 30. Bf5 Bd7 31. Bxh7 Bg4 32. Be3 Bxf3
33. Bxb6 Rxb6 34. Re3 e4 35. Rxa3 Rc6 36. Re1 Rd4 37. Bf5 Rcd6 38. g4 Rxb4
39. Kh2 Rc6 40. Kg3 Kg7 41. Rea1 Rbb6 42. Kf4 Rb2 43. R1a2 Rcc2 44. Rxb2
Rxb2 45. Kg3 Rb6 46. Ra4 Rb3 47. Kf4 Rb2 48. Rxa6 Rxf2 49. Ra7+ Kg8 50. h5
Bh1+ 51. Kg3 Rf3+ 52. Kh2 e3 53. h6 Rxf5 54. gxf5 Be4 55. Kg3 e2 56. Kf2
Bxf5 57. Kxe2 Bb1 58. Ke3 f5 59. Kf4 Kh8 60. Rc7 Kg8 61. h7+ Kh8 62. Kg5 f4
63. Kh6 Bf5 64. Rf7 Bxh7 65. Rxh7+ Kg8 66. Rg7+ Kh8 67. Rf7 Kg8 68. Rxf4 Kh8
69. Rf8# {Black checkmated} 1-0

[Event "ICC tourney 2667 (40 10)"]
[Site "Internet Chess Club"]
[Date "2021.09.11"]
[Round "3"]
[White "Otawa, Yuto:hidedozyo"]
[Black "GARG, PRIYANSH:Priyansh2011"]
[Result "1-0"]
[ICCResult "Black resigns"]
[WhiteElo "2221"]
[BlackElo "1479"]
[Opening "QGD: exchange, positional line"]
[ECO "D35"]
[NIC "QO.16"]
[Time "15:30:57"]
[TimeControl "2400+10"]

1. d4 d5 2. c4 e6 3. Nc3 Nf6 4. cxd5 exd5 5. Bg5 Be7 6. Qc2 Nc6 7. e3 Be6 8.
Nf3 h6 9. Bh4 a6 10. a3 Nd7 11. Bg3 Nb6 12. Bd3 Bd6 13. Bxd6 Qxd6 14. O-O
O-O-O 15. b4 Na7 16. Rfc1 Kb8 17. a4 Qxb4 18. Rcb1 Qa5 19. Nd2 Bc8 20. Nb3
Qb4 21. a5 Qd6 22. axb6 cxb6 23. Nd2 Bd7 24. Qb3 b5 25. Qxd5 Qc7 26. Qb3 Be6
27. d5 Rd7 28. Nf3 Rc8 29. Rc1 Bg4 30. Ne2 Qd8 31. Rxc8+ Nxc8 32. Ned4 Bxf3
33. Nxf3 Rxd5 34. Be4 Rd7 35. Nd4 Nd6 36. Bf3 Nc4 37. Rxa6 Rxd4 38. Ra1 Nd2
39. Qxf7 Nxf3+ 40. Qxf3 Rd5 41. g3 Qf6 42. Qxd5 Qxa1+ 43. Kg2 Qb2 44. e4 Ka7
45. e5 Qb4 46. e6 Kb6 47. Qd8+ Ka7 48. e7 Qe4+ 49. Kf1 Qb1+ 50. Ke2 Qe4+ 51.
Kd2 Qb4+ 52. Ke3 Qe1+ 53. Kf3 Qh1+ 54. Kf4 Qc1+ 55. Ke5 Qe1+ 56. Kd5 Qd2+
57. Ke6 Qe2+ 58. Kf7 Qa2+ 59. Kf8 Qxf2+ 60. Kg8 Qa2+ 61. Kh8 g5 62. Qd4+ b6
63. e8=Q Qa6 64. Qdd7+ Qb7 65. Qxb7+ Kxb7 66. Qxb5 {Black resigns} 1-0

[Event "ICC tourney 2667 (40 10)"]
[Site "Internet Chess Club"]
[Date "2021.09.11"]
[Round "3"]
[White "Brimble, Mark:Kiwiinoz"]
[Black "OBERAI, VIKRAM:vober6"]
[Result "0-1"]
[ICCResult "White resigns"]
[WhiteElo "1626"]
[BlackElo "1936"]
[Opening "Evans gambit"]
[ECO "C52"]
[NIC "IG.05"]
[Time "15:30:20"]
[TimeControl "2400+10"]

1. e4 e5 2. Nf3 Nc6 3. Bc4 Bc5 4. b4 Bxb4 5. c3 Ba5 6. O-O Nf6 7. d4 d6 8.
Qa4 Bd7 9. d5 Nd4 10. Qxa5 Nc2 11. Bd3 Nxa1 12. Bb2 Nh5 13. Bxa1 Nf4 14. Bc4
O-O 15. Re1 f5 16. Nbd2 b6 17. Qa6 Qe8 18. Bf1 Qg6 19. Kh1 fxe4 20. Nxe4 Kh8
21. Qc4 Rac8 22. Qb3 Bg4 23. c4 Rf7 24. Nfg5 Rff8 25. Qg3 Bf5 26. Qe3 h6 27.
Nf3 Bg4 28. Nfd2 Bf5 29. Nf3 Qh7 30. Nh4 Bd7 31. Nf3 Rce8 32. Bd3 Bf5 33.
Bb1 g5 34. Nfd2 Qf7 35. Ng3 Bxb1 36. Rxb1 a6 37. Rf1 b5 38. cxb5 Qxd5 39.
Nge4 axb5 40. h4 gxh4 41. Nf3 Qe6 42. Nxh4 Kh7 43. g3 Nh5 44. Kg2 d5 45. Nd2
Rg8 46. Nhf3 Nf4+ 47. Kg1 Qh3 48. Nh4 Qxh4 49. Bxe5 Nh3+ 50. Kg2 Qg5 51.
Qd3+ Qg6 52. Qxd5 Ng5 53. Qd7+ Nf7 54. Bxc7 Qe6 55. Qxb5 Ng5 56. Bf4 Nh3 57.
Qb7+ Re7 58. Qb1+ Rg6 59. Rh1 Nxf4+ 60. Kg1 Ne2+ 61. Kf1 Nxg3+ 62. fxg3 Qe2+
63. Kg1 Qxd2 {White resigns} 0-1

[Event "ICC tourney 2667 (40 10)"]
[Site "Internet Chess Club"]
[Date "2021.09.11"]
[Round "3"]
[White "NGUYEN, JAMES L:carokann2007"]
[Black "Wan, Caleb:chess-caleb"]
[Result "0-1"]
[ICCResult "White resigns"]
[WhiteElo "1844"]
[BlackElo "2042"]
[Opening "Ruy Lopez: Marshall, main line, 14...Qh3"]
[ECO "C89"]
[NIC "RL.17"]
[Time "15:30:35"]
[TimeControl "2400+10"]

1. e4 e5 2. Nf3 Nc6 3. Bb5 a6 4. Ba4 Nf6 5. O-O Be7 6. Re1 b5 7. Bb3 O-O 8.
c3 d5 9. exd5 Nxd5 10. Nxe5 Nxe5 11. Rxe5 c6 12. d4 Bd6 13. Re1 Qh4 14. g3
Qh3 15. Be3 Ra7 16. a4 Re7 17. Qf3 Bg4 18. Qg2 Qh5 19. Nd2 Bh3 20. Bd1 Qf5
21. Qf3 Qd3 22. Be2 Qc2 23. Rec1 Qg6 24. g4 f5 25. Qxh3 f4 26. Nf1 fxe3 27.
fxe3 Rxf1+ 28. Rxf1 Rxe3 29. Qg2 Re8 30. axb5 axb5 31. Ra6 Nf4 32. Rxf4 Bxf4
33. d5 Be3+ 34. Kh1 Rf8 35. Ra1 Rf2 36. dxc6 Rxg2 37. c7 Rg1+ 38. Rxg1 Qc6+
39. Rg2 Qxc7 40. Bxb5 Qa5 41. Bc4+ Kf8 42. Re2 Qa1+ 43. Kg2 Bb6 44. Kf3 Qf1+
45. Ke4 g5 46. Kd5 Qf7+ 47. Re6 Bc7 48. Kc6 Bxh2 49. Bd5 Qc7+ 50. Kb5 Qd7+
51. Kc4 Qa4+ 52. b4 Qa2+ 53. Kc5 Bg1+ 54. Kd6 Qa6+ 55. Bc6 Qd3+ 56. Kc7 Bh2+
57. Kb6 Qxc3 58. b5 Qd4+ 59. Kb7 Qxg4 60. Re8+ Kf7 61. b6 Bg1 62. Re4 Qf5
63. Ka6 Bxb6 64. Kxb6 h5 65. Kc7 h4 66. Kd6 Qf6+ 67. Kd5 Kg7 68. Bd7 Qd8 69.
Ke6 h3 70. Re2 Qf6+ 71. Kd5 Qf3+ {White resigns} 0-1

[Event "ICC tourney 2667 (40 10)"]
[Site "Internet Chess Club"]
[Date "2021.09.11"]
[Round "3"]
[White "Ghosh, Dipankar:Dipankar007"]
[Black "QUIRKE, JEFFREY L:PawnEatingZombi"]
[Result "1/2-1/2"]
[ICCResult "Game drawn by mutual agreement"]
[WhiteElo "1850"]
[BlackElo "2058"]
[Opening "Réti: King's Indian attack (Barcza system)"]
[ECO "A07"]
[NIC "QP.09"]
[Time "15:31:04"]
[TimeControl "2400+10"]

1. Nf3 d5 2. g3 Nd7 3. d4 Nb6 4. Bg2 Bf5 5. O-O e6 6. b3 h6 7. Bb2 Nf6 8.
Nbd2 Be7 9. Ne5 O-O 10. c4 c6 11. Rc1 Bh7 12. Re1 Nfd7 13. f4 Bb4 14. e4 Nf6
15. Bc3 Ba3 16. Rc2 c5 17. Nb1 cxd4 18. Bxd4 Bb4 19. Bc3 Bc5+ 20. Bd4 Bxd4+
21. Qxd4 Nxe4 22. Bxe4 Bxe4 23. Rd2 Bxb1 24. Rxb1 dxc4 25. bxc4 Qe7 26. Qd6
Qxd6 27. Rxd6 Rfc8 28. Rb4 Rc7 29. a4 f6 30. a5 fxe5 31. axb6 axb6 32. fxe5
Ra2 33. Rxe6 b5 34. Rxb5 Rxc4 35. Rb1 Rcc2 36. h4 Rg2+ 37. Kh1 Rh2+ 38. Kg1
Rag2+ 39. Kf1 Rxg3 40. Rxb7 Rxh4 41. Re8+ Kh7 42. Kf2 Rg6 43. e6 Re4 44. e7
Rge6 45. Kf3 h5 46. Rb5 Kg6 47. Rh8 Rxe7 48. Rhxh5 R4e6 49. Rbg5+ Kf7 50.
Rf5+ Rf6 51. Rg5 Ra7 52. Kf4 Ra4+ 53. Kg3 g6 54. Rf3 Rxf3+ 55. Kxf3 Kf6 56.
Rb5 g5 57. Kg2 Kg6 58. Kg1 Kh5 59. Rb3 Kh4 60. Rb1 g4 61. Rc1 Kh3 62. Rb1 g3
63. Rc1 Ra2 64. Kh1 Rh2+ 65. Kg1 Rg2+ 66. Kh1 Rd2 67. Ra1 Rc2 68. Rb1 Rf2
69. Ra1 Re2 70. Rb1 Kg4 71. Rb4+ Kf3 72. Rb3+ Kf2 73. Rb1 g2+ 74. Kh2 g1=Q+
75. Rxg1 Re7 76. Rg2+ Kf3 77. Rg3+ Kf4 {Game drawn by mutual agreement}
1/2-1/2

[Event "ICC tourney 2667 (40 10)"]
[Site "Internet Chess Club"]
[Date "2021.09.11"]
[Round "4"]
[White "RAMBHA, HEMACHANDRA:HR2005"]
[Black "REMPE, MIEKE:MChessy"]
[Result "1-0"]
[ICCResult "Black resigns"]
[WhiteElo "2044"]
[BlackElo "1900"]
[Opening "Caro-Kann: advance variation"]
[ECO "B12"]
[NIC "CK.04"]
[Time "17:45:36"]
[TimeControl "2400+10"]

1. e4 c6 2. d4 d5 3. e5 Bf5 4. h4 h5 5. Bd3 Bxd3 6. Qxd3 e6 7. Bg5 Be7 8.
Nf3 Nd7 9. Nbd2 Qb6 10. O-O O-O-O 11. c4 f6 12. cxd5 exd5 13. e6 Nf8 14. Bf4
Nxe6 15. Qf5 c5 16. Rfe1 Nh6 17. Bxh6 gxh6 18. Rxe6 {Black resigns} 1-0

[Event "ICC tourney 2667 (40 10)"]
[Site "Internet Chess Club"]
[Date "2021.09.11"]
[Round "4"]
[White "WU, EVERETT:EW2006"]
[Black "WU, WILLIAM:K09-15782241"]
[Result "0-1"]
[ICCResult "White checkmated"]
[WhiteElo "1602"]
[BlackElo "1916"]
[Opening "Ruy Lopez: fianchetto (Smyslov/Barnes) defense"]
[ECO "C60"]
[NIC "RL.03"]
[Time "17:45:37"]
[TimeControl "2400+10"]

1. e4 e5 2. Nf3 Nc6 3. Bb5 g6 4. Bxc6 dxc6 5. b3 Bg7 6. O-O Ne7 7. Bb2 f6 8.
d4 exd4 9. Qxd4 Qxd4 10. Bxd4 Kf7 11. c3 b6 12. b4 a5 13. e5 Nf5 14. exf6
Nxd4 15. fxg7 Nxf3+ 16. gxf3 Kxg7 17. Nd2 Bh3 18. Rfe1 axb4 19. cxb4 Rhe8
20. Rxe8 Rxe8 21. a4 Ra8 22. Nc4 b5 23. Na5 c5 24. Nb3 Rxa4 25. bxc5 Rxa1+
26. Nxa1 Kf6 27. Nb3 Ke5 28. Nd2 Kd4 29. c6 b4 30. f4 Kd3 31. Nb3 Kc3 32.
Nc5 b3 33. f5 Bxf5 34. Kg2 b2 35. Na4+ Kb3 36. Nxb2 Kxb2 37. Kf3 Kc3 38. Kf4
Kd4 39. Kg5 h5 40. Kf6 Kc5 41. Ke5 Kxc6 42. Kd4 Kd6 43. f4 c5+ 44. Kc3 Kd5
45. h4 c4 46. Kd2 Kd4 47. Kc1 c3 48. Kd1 Bg4+ 49. Kc2 Kc4 50. Kc1 Kd3 51. f5
gxf5 52. Kb1 Kd2 53. Ka2 c2 54. Kb3 c1=Q 55. Kb4 Qc3+ 56. Kb5 Kd3 57. Kb6
Qc4 58. Ka7 Qb5 59. Ka8 Kd4 60. Ka7 Kd5 61. Ka8 Kc6 62. Ka7 Qb7#
{White checkmated}
0-1

[Event "ICC tourney 2667 (40 10)"]
[Site "Internet Chess Club"]
[Date "2021.09.11"]
[Round "4"]
[White "OBERAI, VIKRAM:vober6"]
[Black "REMPE, JONAS JAKOB RAZA:Drachekokosnuss"]
[Result "0-1"]
[ICCResult "White resigns"]
[WhiteElo "1936"]
[BlackElo "2100"]
[Opening "Scotch gambit: Dubois-Réti defense"]
[ECO "C55"]
[NIC "KP.02"]
[Time "17:45:47"]
[TimeControl "2400+10"]

1. e4 e5 2. Nf3 Nc6 3. d4 exd4 4. Bc4 Nf6 5. e5 Ng4 6. O-O d6 7. exd6 Bxd6
8. Re1+ Kf8 9. h3 Nge5 10. Bb3 Qf6 11. Nxe5 Nxe5 12. f4 Ng6 13. Rf1 Bd7 14.
c3 Bb5 15. Rf3 Nh4 16. Rf2 Bc5 17. c4 Bc6 18. Qh5 b6 19. g3 Nf5 20. Kh2 d3
21. Rf1 Re8 22. Nc3 Bd4 23. Bd2 Bxc3 24. Bxc3 Re2+ 25. Qxe2 dxe2 26. Bxf6
exf1=Q 27. Bxg7+ Kxg7 28. Rxf1 Re8 29. Rf2 Nd4 30. Bd1 Re1 {White resigns}
0-1

[Event "ICC tourney 2667 (40 10)"]
[Site "Internet Chess Club"]
[Date "2021.09.11"]
[Round "4"]
[White "DEVINENI, SRITAN:sritand"]
[Black "GUTLA, ARYAN:Aryangambit"]
[Result "0-1"]
[ICCResult "White resigns"]
[WhiteElo "1754"]
[BlackElo "1961"]
[Opening "Sicilian defense"]
[ECO "B20"]
[NIC "SI.48"]
[Time "17:45:34"]
[TimeControl "2400+10"]

1. e4 c5 2. a3 e6 3. b4 cxb4 4. axb4 Bxb4 5. c3 Be7 6. d4 d6 7. Bd3 Nf6 8.
f4 e5 9. dxe5 dxe5 10. fxe5 Nfd7 11. Nf3 Nc6 12. Bb5 O-O 13. Bxc6 bxc6 14.
O-O Nc5 15. Qe2 a5 16. Nd4 Ne6 17. Be3 Nxd4 18. cxd4 Ba6 19. Qf2 Bxf1 20.
Qxf1 Qb8 21. Nd2 Qb5 22. Nc4 Rfb8 23. Bf4 Rb7 24. Qc1 a4 25. e6 fxe6 26. Ne5
Qb2 27. Qc4 Qxa1+ 28. Bc1 Ba3 29. Qxe6+ Kh8 30. Kf2 Qxc1 31. Kf3 Rf8+ 32.
Kg3 Qg5+ 33. Kh3 Rb3+ 34. g3 Qh5+ 35. Kg2 Rb2+ {White resigns} 0-1

[Event "ICC tourney 2667 (40 10)"]
[Site "Internet Chess Club"]
[Date "2021.09.11"]
[Round "4"]
[White "VONTHRON, HORST:Sayilor"]
[Black "Belous, Vladimir:Openyagami"]
[Result "1/2-1/2"]
[ICCResult "Game drawn by repetition"]
[WhiteElo "2411"]
[BlackElo "2540"]
[Opening "King's Indian: 6.Be2"]
[ECO "E91"]
[NIC "KI.19"]
[Time "17:45:54"]
[TimeControl "2400+10"]

1. d4 Nf6 2. Nf3 g6 3. c4 Bg7 4. Nc3 O-O 5. e4 d6 6. Be2 Bg4 7. Be3 e5 8. d5
a5 9. Nd2 Bd7 10. O-O Na6 11. a3 Ne8 12. Rb1 f5 13. f3 Nf6 14. b4 axb4 15.
axb4 Nh5 16. c5 Nf4 17. Bxa6 Rxa6 18. b5 Ra3 19. Rb3 Rxb3 20. Qxb3 Qg5 21.
Bxf4 exf4 22. c6 Bc8 23. cxb7 Bxb7 24. Nc4 fxe4 25. Nxe4 Bd4+ 26. Kh1 Qxd5
27. Rd1 Ra8 28. h3 Ra1 29. Rxa1 Bxa1 30. Qa4 Qe6 31. Ncxd6 cxd6 32. Qxa1
Bxe4 33. fxe4 Qxe4 34. Qa6 f3 35. Qc8+ Kg7 36. Qd7+ Kh6 37. gxf3 Qxf3+ 38.
Kg1 d5 39. Kh2 Qf2+ 40. Kh1 d4 41. b6 Qf3+ 42. Kh2 d3 43. b7 Qf2+ 44. Kh1 d2
45. Qxd2+ Qxd2 46. b8=Q Qe1+ 47. Kg2 Qe2+ 48. Kg3 Kh5 49. Qc7 h6 50. Qf7
Qe3+ 51. Kg2 Qe4+ 52. Kg3 Qe5+ 53. Kg2 Qf5 54. Qe8 Qc2+ 55. Kg3 Qd3+ 56. Kg2
Qd2+ 57. Kg3 Qd3+ 58. Kg2 Qd2+ 59. Kg3 Qd3+ 60. Kg2 Qd2+
{Game drawn by repetition}
1/2-1/2

[Event "ICC tourney 2667 (40 10)"]
[Site "Internet Chess Club"]
[Date "2021.09.11"]
[Round "4"]
[White "LYNN, BENNETT:ben622"]
[Black "BONDALAPATI, SRI VIBHAV:Vibhu11"]
[Result "0-1"]
[ICCResult "White resigns"]
[WhiteElo "2010"]
[BlackElo "1736"]
[Opening "Ruy Lopez: Berlin defense"]
[ECO "C65"]
[NIC "RL.07"]
[Time "17:45:44"]
[TimeControl "2400+10"]

1. e4 e5 2. Nf3 Nc6 3. Bb5 Nf6 4. d3 Bc5 5. c3 d6 6. h3 O-O 7. O-O h6 8. b4
Bb6 9. a4 a5 10. Qb3 Be6 11. Bc4 Bxc4 12. Qxc4 axb4 13. cxb4 Nd4 14. Be3
Nxf3+ 15. gxf3 Bxe3 16. fxe3 Nh5 17. Nc3 Qg5+ 18. Kf2 Qh4+ 19. Ke2 Ng3+ 20.
Kd2 Nxf1+ 21. Rxf1 {White resigns} 0-1

[Event "ICC tourney 2667 (40 10)"]
[Site "Internet Chess Club"]
[Date "2021.09.11"]
[Round "4"]
[White "GARG, PRIYANSH:Priyansh2011"]
[Black "POWER, SEAN K:KnightHopper"]
[Result "0-1"]
[ICCResult "White resigns"]
[WhiteElo "1479"]
[BlackElo "1965"]
[Opening "QGD semi-Slav: 5...Nd7"]
[ECO "D45"]
[NIC "SL.08"]
[Time "17:45:50"]
[TimeControl "2400+10"]

1. d4 d5 2. c4 c6 3. Nc3 Nf6 4. e3 e6 5. Nf3 Nbd7 6. Bd2 Bd6 7. cxd5 exd5 8.
Bd3 O-O 9. O-O Re8 10. Re1 Ne4 11. Qc2 Ndf6 12. Rac1 Bg4 13. Be2 Bf5 14. Bd3
Ng4 15. Rf1 Re6 16. h3 Ngf6 17. Ng5 Re7 18. Ngxe4 dxe4 19. Bc4 Qd7 20. Be1
Be6 21. Bxe6 Qxe6 22. f3 exf3 23. Rxf3 Bc7 24. Bh4 Qd6 25. Bxf6 Qh2+ 26. Kf2
gxf6 27. Qf5 Re6 28. Ne4 Kg7 29. Nxf6 Rh8 30. Rc5 Rd8 31. Nh5+ Kh8 32. Qxf7
Rg8 33. Qxe6 Qxg2+ 34. Ke1 Qxf3 35. Qf6+ Qxf6 36. Nxf6 Rg2 37. Rh5 Kg7 38.
Ne8+ Kg6 39. Rh4 Bg3+ 40. Kf1 Rf2+ 41. Kg1 Bxh4 {White resigns} 0-1

[Event "ICC tourney 2667 (40 10)"]
[Site "Internet Chess Club"]
[Date "2021.09.11"]
[Round "4"]
[White "JEGAN, ALAN:playtowin2020"]
[Black "PARKER, MICHAEL WAYNE:BobbyFissure"]
[Result "1-0"]
[ICCResult "Black resigns"]
[WhiteElo "1934"]
[BlackElo "1426"]
[Opening "Sicilian: closed"]
[ECO "B23"]
[NIC "SI.44"]
[Time "17:45:40"]
[TimeControl "2400+10"]

1. e4 c5 2. Nc3 a6 3. f4 Nc6 4. Nf3 e6 5. g3 Qc7 6. Bg2 Nge7 7. O-O b5 8. d3
Bb7 9. Re1 f6 10. Be3 d6 11. e5 O-O-O 12. exd6 Qxd6 13. Ne4 Qc7 14. Nxc5 Rd6
15. Nxb7 Qxb7 16. Nd4 Qc7 17. Nxc6 Nxc6 18. Bc5 Rd7 19. Bxf8 Rxf8 20. c3 Re8
21. Qf3 Qb6+ 22. Kh1 Kc7 23. d4 Rde7 24. Rad1 Rd8 25. f5 exf5 26. Qxc6+ Qxc6
27. Rxe7+ Rd7 28. Bxc6 Rxe7 29. d5 Kd6 30. Rd2 h5 31. Kg2 g5 32. Kf3 Re4 33.
Re2 g4+ 34. Kf2 Re5 35. Rxe5 fxe5 36. Be8 Kxd5 37. Bxh5 a5 38. Ke3 b4 39.
cxb4 axb4 40. Bg6 Ke6 41. a3 bxa3 42. Bxf5+ Kxf5 43. bxa3 Kf6 44. Ke4 Ke6
45. a4 Kd6 46. a5 {Black resigns} 1-0

[Event "ICC tourney 2667 (40 10)"]
[Site "Internet Chess Club"]
[Date "2021.09.11"]
[Round "4"]
[White "GUO, YU HAN (VERONICA):VeronicaG"]
[Black "FILIPOVICH, DAVID MICHAEL:dmfcan"]
[Result "0-1"]
[ICCResult "White checkmated"]
[WhiteElo "1650"]
[BlackElo "2050"]
[Opening "Beefeater defense"]
[ECO "A40"]
[NIC "QO.17"]
[Time "17:45:42"]
[TimeControl "2400+10"]

1. d4 g6 2. c4 Bg7 3. Nc3 c5 4. d5 Bxc3+ 5. bxc3 f5 6. Nf3 Nf6 7. Bf4 Qa5 8.
Qc2 d6 9. e3 Nbd7 10. Bd3 Nb6 11. O-O Bd7 12. Nd2 O-O-O 13. Rfb1 e6 14. Bxd6
Ba4 15. Nb3 Rxd6 16. Nxa5 Bxc2 17. Bxc2 exd5 18. cxd5 Rxd5 19. a4 Rhd8 20.
Ra2 Ne4 21. Ra3 Rd2 22. f3 Rxc2 23. fxe4 Rdd2 24. Nxb7 Rxg2+ 25. Kf1 Rxh2
26. Kg1 Nc4 27. Rab3 Rcg2+ 28. Kf1 Nxe3+ 29. Ke1 Re2# {White checkmated} 0-1

[Event "ICC tourney 2667 (40 10)"]
[Site "Internet Chess Club"]
[Date "2021.09.11"]
[Round "4"]
[White "POMERANTZ, DANIEL G:dpomerantz135"]
[Black "RAMESH, RAHUL:rockinroll"]
[Result "0-1"]
[ICCResult "White resigns"]
[WhiteElo "2238"]
[BlackElo "1708"]
[Opening "French: Rubinstein variation"]
[ECO "C03"]
[NIC "FR.07"]
[Time "17:45:49"]
[TimeControl "2400+10"]

1. e4 e6 2. d4 d5 3. Nd2 dxe4 4. Nxe4 Nd7 5. Nf3 Ngf6 6. Nxf6+ Nxf6 7. Bg5
h6 8. Bd2 c5 9. c3 cxd4 10. Nxd4 Bc5 11. Nb3 Bd6 12. Qc2 Qc7 13. O-O-O b6
14. Bb5+ Bd7 15. Bxd7+ Nxd7 16. Kb1 O-O-O 17. Nd4 a6 18. Qe4 Nc5 19. Qf3 Qb7
20. Qg4 Qe4+ 21. Qxe4 Nxe4 22. Be3 Kc7 23. f3 Nf6 24. Kc2 Nd5 25. Bf2 Bf4
26. Rhe1 h5 27. g3 Bd6 28. h3 g6 29. a3 h4 30. g4 Bg3 31. Rd2 Nf4 32. Bxg3
hxg3 33. Ne2 Nxe2 34. Rdxe2 Rxh3 35. Rg2 Rdh8 36. Reg1 Rh2 37. Kd3 R8h3 38.
b3 f5 39. gxf5 Rxg2 40. Rxg2 gxf5 41. Ke3 e5 42. f4 Kd6 43. fxe5+ Kxe5 44.
Kf3 f4 45. Re2+ Kf5 46. Rd2 Rh2 47. Rd5+ Ke6 48. Rg5 Rf2+ 49. Ke4 g2 50.
Rg6+ Kf7 51. Kf5 f3 52. Rf6+ Ke7 53. Re6+ Kd7 {White resigns} 0-1

[Event "ICC tourney 2667 (40 10)"]
[Site "Internet Chess Club"]
[Date "2021.09.11"]
[Round "4"]
[White "Wan, Caleb:chess-caleb"]
[Black "Ghosh, Dipankar:Dipankar007"]
[Result "0-1"]
[ICCResult "White resigns"]
[WhiteElo "2042"]
[BlackElo "1850"]
[Opening "Ruy Lopez: Schliemann defense, Berger variation"]
[ECO "C63"]
[NIC "RL.06"]
[Time "17:45:46"]
[TimeControl "2400+10"]

1. e4 e5 2. Nf3 Nc6 3. Bb5 f5 4. Nc3 fxe4 5. Nxe4 Nf6 6. Qe2 d5 7. Nxf6+
gxf6 8. d4 Bg7 9. dxe5 O-O 10. e6 Re8 11. O-O Bxe6 12. Qd3 Qd6 13. Nh4 Ne5
14. Qg3 c6 15. Be2 Kh8 16. Bf4 Qd7 17. Rfe1 Qf7 18. Rad1 Rg8 19. Qc3 Rae8
20. Bg3 Bc8 21. f4 Ng4 22. f5 Ne3 23. Bd3 Nxd1 24. Rxd1 Bh6 25. Rf1 Be3+ 26.
Kh1 d4 27. Qc5 b6 28. Qxc6 Bb7 29. Qb5 Rg5 30. a4 Reg8 31. Bc4 Qh5 32. Qd7
R5g7 33. Qe6 Qxh4 {White resigns} 0-1

[Event "ICC tourney 2667 (40 10)"]
[Site "Internet Chess Club"]
[Date "2021.09.11"]
[Round "4"]
[White "SHAWKAT, SAIF:saif-shawkat"]
[Black "SHOLL, CRAIG H:craigsholl66"]
[Result "1-0"]
[ICCResult "Black resigns"]
[WhiteElo "1953"]
[BlackElo "1791"]
[Opening "Sicilian"]
[ECO "B54"]
[NIC "SI.01"]
[Time "17:45:43"]
[TimeControl "2400+10"]

1. e4 c5 2. Nf3 d6 3. d4 cxd4 4. Nxd4 a6 5. c4 Nc6 6. Nc3 e6 7. Be2 Nf6 8.
O-O Be7 9. Kh1 Qb6 10. Nb3 O-O 11. Be3 Qd8 12. Qd2 Nd7 13. Rad1 Nc5 14. Nd4
Nd7 15. f4 Nxd4 16. Bxd4 Qc7 17. Qd3 b6 18. Qg3 Bf6 19. Bxf6 Nxf6 20. e5
dxe5 21. fxe5 Nd7 22. Bf3 Rb8 23. Rd6 Qxc4 24. Rfd1 Nc5 25. R6d4 Qxd4 26.
Rxd4 Bb7 27. Bxb7 Rxb7 28. b4 Nd7 29. Ne4 Rc7 30. h4 Rc1+ 31. Kh2 Nb8 32.
Nf6+ Kh8 33. Nh5 g6 34. Qg5 {Black resigns} 1-0